 Dungeon Crawl Stone Soup version 0.18-a0-822-gb52b7b4 (webtiles) character file.

120839 schauveau the Severer (level 16, -1/157 HPs)
             Began as a Gargoyle Fighter on Dec 16, 2015.
             Was the Champion of Okawaru.
             Killed from afar by Nikola (6 damage)
             ... with a bolt of lightning
             ... on level 3 of the Spider Nest on Dec 22, 2015.
             The game lasted 01:39:27 (27316 turns).

schauveau the Severer (Gargoyle Fighter)           Turns: 27316, Time: 01:39:28

Health: -1/157     AC:  3    Str: 33    XL:     16   Next: 83%
Magic:  20/20      EV: 13    Int: 14    God:    Okawaru [******]
Gold:   2006       SH: 16    Dex: 16    Spells: 0 memorised, 15 levels left

rFire  + . .     SeeInvis +     f - +11 war axe of Okawaru {venom, rF+ MR+ Str-5 Int+6}
rCold  + . .     Gourm    .     y - +9 storm dragon armour of the Thirteen Deaths {*Confuse rElec rC+ Dex+3}
rNeg   + . .     Faith    +     c - +1 shield
rPois  ∞         Spirit   .     t - +2 hat {MR+}
rElec  +         Dismiss  .     W - +0 cloak of Weightlessness {Str+2 Dex+4}
rCorr  .         Reflect  .     C - +2 pair of gloves {Str+3}
SustAt .         Harm     .     H - +2 pair of boots {Fly}
MR     +++..                    K - amulet of faith
Stlth  ..........               (no ring)
                                Q - ring of see invisible

@: berserking (expiring), corroded equipment, flying, very quick, extremely
resistant to hostile enchantments, extremely unstealthy
A: big wings, negative energy resistance 1, electricity resistance, unbreathing,
petrification resistance, rot immunity, AC +11
a: Stop Flying, Heroism, Finesse, Renounce Religion


You were on level 3 of the Spider Nest.
You worshipped Okawaru.
Okawaru was exalted by your worship.
You were not hungry.

You visited 5 branches of the dungeon, and saw 29 of its levels.
You also visited: Volcano.

You collected 2877 gold pieces.
You spent 871 gold pieces at shops.

Inventory:

Hand Weapons
 a - the +6 broad axe of Gehenna {elec, rPois Dex+3}
   (Okawaru gifted it to you on level 11 of the Dungeon)

   Occasionally, upon striking a foe, it will discharge some electrical energy
   and cause terrible harm.
   It affects your dexterity (+3).
   It protects you from poison.
 b - a +0 broad axe of flaming
 f - the +11 war axe of Okawaru (weapon) {venom, rF+ MR+ Str-5 Int+6}
   (Okawaru gifted it to you on level 2 of the Orcish Mines)

   It poisons the flesh of those it strikes.
   It affects your strength (-5).
   It affects your intelligence (+6).
   It protects you from fire.
   It affects your resistance to hostile enchantments.
 T - a +3 demon whip of venom
Missiles
 o - 57 tomahawks (quivered)
Armour
 c - a +1 shield (worn)
 t - a +2 hat of magic resistance (worn)
 u - a +2 cloak of invisibility
 y - the +9 storm dragon armour of the Thirteen Deaths (worn) {*Confuse rElec rC+ Dex+3}
   (You acquired it on level 5 of the Dungeon)

   It affects your dexterity (+3).
   It protects you from cold.
   It insulates you from electricity.
   It may confuse you when you take damage.
 C - a +2 pair of gloves of strength (worn)
 H - a +2 pair of boots of flying (worn)
 W - the +0 cloak of Weightlessness (worn) {Str+2 Dex+4}
   (You found it on level 12 of the Dungeon)

   It affects your strength (+2).
   It affects your dexterity (+4).
Jewellery
 K - an amulet of faith (around neck)
 Q - a ring of see invisible (left hand)
Wands
 d - a wand of digging (20)
 h - a wand of paralysis (6)
 v - a wand of teleportation (4)
 z - a wand of fireball (3)
 B - a wand of digging (4)
 V - a wand of invisibility (5)
 X - a wand of draining (5)
 Y - a wand of disintegration (5)
Scrolls
 l - a scroll of magic mapping
 m - 4 scrolls of fear
 p - a scroll of enchant weapon
 q - 9 scrolls of teleportation
 w - 5 scrolls of remove curse
 E - a scroll of torment
 F - a scroll of summoning
 I - 2 scrolls of recharging
 N - 10 scrolls of identify
 R - 2 scrolls of holy word
 S - a scroll of blinking
Potions
 e - 12 potions of curing
 i - 5 potions of cancellation
 k - 2 potions of resistance
 n - a potion of magic
 s - 4 potions of haste
 x - 2 potions of invisibility
 M - 3 potions of heal wounds
 P - 2 potions of berserk rage
Comestibles
 g - 12 fruits
 j - 2 chunks of flesh
 r - a bread ration
 D - 9 slices of pizza
 L - 2 royal jellies


   Skills:
 + Level 13.9 Fighting
 * Level 16.1 Axes
 + Level 13.8 Armour
 + Level 6.2 Dodging
 + Level 13.8 Shields
 - Level 6.5 Invocations


You had 15 spell levels left.
You didn't know any spells.

Dungeon Overview and Level Annotations

Branches:
Dungeon (15/15)            Temple (1/1) D:7            Lair (8/8) D:11
 Shoals (0/4) Lair:4       Spider (3/4) Lair:6          Orc (2/2) D:10
    Elf (0/3) Orc:2        Vaults (0/5) D:13
  Slime: Lair:6-8    Depths: D:15

Altars:
Ashenzari
Cheibriados
Dithmenos
Elyvilon
Fedhas
Gozag
Kikubaaqudgha
Makhleb
Nemelex Xobeh
Okawaru
Pakellas
Qazlal
Ru
Sif Muna
Trog
Vehumet
Xom
Yredelemnul
Zin
The Shining One
Beogh

Shops:
D:7 (   D:8 (   D:10 !   D:12 ?   Orc:2 %**}=

Annotations:
D:11 exclusion: ice statue
Lair:6 exclusion: 2 oklob plants
Spider:3 Arachne, Nikola


Innate Abilities, Weirdness & Mutations

You are resistant to torment.
Your stone body is resilient (AC +11).
You are immune to poison.
Your large and strong wings let you fly indefinitely.
You resist negative energy.
You are resistant to electric shocks.
You can survive without breathing.
You are immune to petrification.
You are immune to rotting.


Message History

You hit Nikola but do no damage.
Nikola is moderately wounded.
Nikola mumbles some strange words.
You hear a mighty clap of thunder!
The lightning arc hits you! You resist.
* * * LOW HITPOINT WARNING * * *
The lightning arc hits Nikola.
The lightning arc hits you! You resist.
* * * LOW HITPOINT WARNING * * *
The lightning arc hits Nikola.
The lightning arc hits you! You resist.
* * * LOW HITPOINT WARNING * * *
The lightning arc hits Nikola.
The lightning arc hits you! You resist.
* * * LOW HITPOINT WARNING * * *
You hear an angry hiss. x4
You hear a hideous shriek!
You hear an angry hiss.
You hear a shout!
You hear an angry hiss. x3
You feel a strong urge to attack something.
You found a web!
Nikola points at you and mumbles some strange words.
The bolt of lightning hits you! You resist.
You die...

###### #^.^.##
#.....###
#...@...#
#.....@....#
#.........##
#.........# #
#^(.......# .#
##........# .#
.../.....####..##
#....^....#.....>#
#<.....#


You could see Nikola.

Vanquished Creatures
  Saint Roka (Orc:1)
  Gastronok (D:7)
  Donald (Orc:2)
  An emperor scorpion (Spider:1)
  A very ugly thing (D:12)
  Nessos (Lair:7)
  4 dire elephants (Lair:8)
  Snorg (D:10)
  Erolcha (D:10)
  An ice dragon (Lair:8)
  2 entropy weavers (Spider:1)
  An anaconda (Lair:8)
  2 centaur warriors
  3 hydras
  A catoblepas (D:13)
  A queen ant (Spider:1)
  6 orc high priests
  Sonja (D:14)
  A hill giant (D:10)
  A necromancer (D:13)
  The ghost of 4thArraOfDagon the Cleaver, a novice HOBe of Trog (D:12)
  8 orc knights
  Pikel (D:8)
  3 wizards
  A deep elf mage (D:14)
  17 wolf spiders
  A cyclops (D:11)
  5 orb spiders
  15 ugly things
  18 elephants
  3 orc sorcerers
  2 manticores
  5 centaur zombies
  A griffon (Lair:4)
  Maurice (D:8)
  2 toenail golems (Volcano)
  Psyche (D:8)
  Joseph (D:9)
  A gargoyle (Volcano)
  2 torpor snails
  5 black mambas
  A fire drake (Lair:7)
  11 spiny frogs
  An efreet (Volcano)
  6 demonic crawlers
  4 komodo dragons
  5 trolls
  4 two-headed ogres
  A harpy skeleton (D:14)
  8 jumping spiders
  A polar bear (Lair:3)
  10 blink frogs
  9 slime creatures
  A two-headed ogre (shapeshifter) (D:14)
  7 trapdoor spiders
  41 redbacks
  A human (D:7)
  2 ice beasts
  11 tarantellas
  6 basilisks
  A wyvern (D:8)
  65 yaks
  2 hogs (Spider:3)
  A steam dragon (D:11)
  A fire elemental (Volcano)
  3 hungry ghosts
  A mottled dragon (D:11)
  12 hippogriffs
  20 water moccasins
  6 wargs
  26 soldier ants (Spider:1)
  8 porcupines
  A sky beast (D:11)
  48 orc warriors
  A phantom (D:5)
  13 wolves
  A wasp (D:6)
  3 slaves (D:8)
  A necrophage (D:7)
  A black bear (Lair:4)
  12 ogres
  16 crocodiles
  6 centaurs
  22 giant frogs
  2 big kobolds
  A wyvern skeleton (D:6)
  4 scorpions
  5 wights (D:9)
  14 killer bees
  5 crimson imps
  38 orc priests
  2 giant frog zombies
  3 jellies
  3 giant frog skeletons
  10 hell rats
  7 hounds
  28 sheep
  9 iguanas
  19 orc wizards
  22 worker ants
  The ghost of timbw the Firebug, a weakling DgFE (D:3)
  13 gnolls
  A worker ant zombie (D:9)
  9 adders
  2 white imps (Lair:8)
  A shadow imp (D:6)
  49 river rats
  2 adder skeletons
  An adder zombie (D:7)
  6 worms
  4 giant geckos
  99 orcs
  9 bats
  3 giant cockroaches
  8 goblins
  4 hobgoblins
  9 jackals
  6 quokkas
  A ball python (D:4)
  A giant gecko skeleton (D:9)
  8 giant newts
  A jackal zombie (D:9)
  15 kobolds
  13 rats
  A bush (Lair:7)
  11 fungi
  8 plants
985 creatures vanquished.

Vanquished Creatures (others)
  A slave (D:8)
  A white imp (Lair:8)
  4 fungi
  2 plants
8 creatures vanquished.

Grand Total: 993 creatures vanquished

Notes
Turn   | Place    | Note
--------------------------------------------------------------
     0 | D:1      | schauveau the Gargoyle Fighter began the quest for the Orb.
     0 | D:1      | Reached XP level 1. HP: 14/14 MP: 1/1
    96 | D:1      | Reached XP level 2. HP: 17/19 MP: 2/2
   179 | D:1      | Found a shattered altar of Ashenzari.
   277 | D:1      | Reached XP level 3. HP: 18/23 MP: 3/3
  1192 | D:3      | Noticed timbw's ghost (weakling DgFE)
  1277 | D:2      | Reached XP level 4. HP: 29/29 MP: 4/4
  1664 | D:3      | Killed timbw's ghost
  1664 | D:3      | Reached skill level 4 in Armour
  1693 | D:4      | Reached XP level 5. HP: 29/33 MP: 5/5
  2215 | D:3      | Reached XP level 6. HP: 32/39 MP: 6/6
  3074 | D:5      | Entered Level 5 of the Dungeon
  3324 | D:5      | Reached XP level 7. HP: 33/44 MP: 7/7
  3351 | D:4      | Reached skill level 5 in Fighting
  3370 | D:5      | Found a sacrificial altar of Ru.
  3542 | D:5      | Reached skill level 5 in Axes
  3775 | D:5      | Reached skill level 5 in Armour
  3775 | D:5      | Reached skill level 5 in Shields
  3887 | D:5      | Identified 3 scrolls of acquirement
  3888 | D:5      | Got a faintly glowing storm dragon armour
  3899 | D:5      | Identified the +9 storm dragon armour of the Thirteen Deaths {*Confuse rElec rC+ Dex+3} (You acquired it on level 5 of the Dungeon)
  4030 | D:6      | Reached XP level 8. HP: 50/50 MP: 8/8
  4420 | D:7      | Reached skill level 6 in Axes
  4600 | D:6      | Found a shattered altar of Ashenzari.
  4828 | D:6      | Found a deep blue altar of Sif Muna.
  4922 | D:7      | Found Redep's Antique Weapon Emporium.
  5017 | D:7      | Reached XP level 9. HP: 50/56 MP: 9/9
  5115 | D:7      | Reached skill level 7 in Axes
  5131 | D:8      | Noticed Gastronok
  5661 | D:7      | Found a staircase to the Ecumenical Temple.
  5687 | Temple   | Entered the Ecumenical Temple
  5697 | Temple   | Became a worshipper of Warmaster Okawaru
  5869 | D:7      | Reached * piety under Okawaru
  5870 | D:7      | Found a white marble altar of Elyvilon.
  6526 | D:8      | Noticed Pikel
  6564 | D:8      | Killed Pikel
  6564 | D:8      | Reached skill level 8 in Axes
  6591 | D:8      | Reached XP level 10. HP: 62/64 MP: 10/10
  6784 | D:8      | Found Wuipseut's Weapon Shop.
  6820 | D:8      | Noticed Psyche
  6826 | D:8      | Noticed Maurice
  6830 | D:8      | Killed Psyche
  6830 | D:8      | Reached ** piety under Okawaru
  6884 | D:8      | Killed Maurice
  7013 | D:8      | Found an oddly glowing altar of Pakellas.
  7398 | D:10     | Entered Level 10 of the Dungeon
  7426 | D:9      | Reached skill level 9 in Axes
  7427 | D:9      | Reached *** piety under Okawaru
  7454 | D:9      | Noticed Joseph
  7476 | D:9      | Killed Joseph
  7502 | D:9      | Found a radiant altar of Vehumet.
  7962 | D:9      | Reached **** piety under Okawaru
  8148 | D:10     | Found a basalt altar of Yredelemnul.
  8189 | D:10     | Found a staircase to the Orcish Mines.
  8226 | D:10     | Reached XP level 11. HP: 15/69 MP: 11/11
  8640 | D:10     | Noticed a hill giant
  8645 | D:10     | Killed a hill giant
  8645 | D:10     | Reached skill level 10 in Axes
  8832 | D:10     | Found Qeriph's Distillery.
  8843 | D:10     | Bought a potion of heal wounds for 55 gold pieces
  8843 | D:10     | Bought a potion of berserk rage for 55 gold pieces
  8843 | D:10     | Bought a potion of heal wounds for 55 gold pieces
  8886 | D:10     | Reached ***** piety under Okawaru
  8964 | D:10     | Reached skill level 1 in Invocations
  8984 | D:10     | Noticed Erolcha
  9002 | D:10     | Killed Erolcha
  9149 | Orc:1    | Entered Level 1 of the Orcish Mines
  9152 | Orc:1    | Noticed an orc high priest
  9788 | D:11     | Noticed Snorg
  9811 | D:10     | HP: 2/71 [Snorg (9)]
 10078 | D:11     | Found a staircase to the Lair.
 10641 | D:11     | Received a gift from Okawaru
 10641 | D:11     | Reached XP level 12. HP: 56/77 MP: 14/14
 10649 | D:11     | Reached skill level 10 in Fighting
 10649 | D:11     | Reached skill level 11 in Axes
 10653 | D:11     | Got a translucent broad axe {god gift}
 10654 | D:11     | Identified the +6 broad axe of Gehenna {elec, rPois Dex+3} (Okawaru gifted it to you on level 11 of the Dungeon)
 10705 | D:12     | Noticed 4thArraOfDagon's ghost (novice HOBe)
 10784 | Lair:1   | Entered Level 1 of the Lair of Beasts
 11176 | Lair:1   | Reached skill level 10 in Armour
 11283 | Lair:1   | Reached ****** piety under Okawaru
 11312 | Lair:1   | Reached skill level 10 in Shields
 11810 | Lair:1   | Received a gift from Okawaru
 11818 | Lair:1   | Got a pitted hand crossbow {god gift}
 11819 | Lair:1   | Identified the +5 hand crossbow "Pekoen" {freeze, Fragile MP+9 Str+4} (Okawaru gifted it to you on level 1 of the Lair of Beasts)
 12039 | Lair:3   | Reached skill level 5 in Invocations
 12373 | Lair:2   | Received a gift from Okawaru
 12426 | Lair:2   | Reached skill level 12 in Axes
 12891 | Lair:3   | Reached XP level 13. HP: 79/84 MP: 17/17
 13878 | Lair:4   | Received a gift from Okawaru
 14156 | Lair:4   | Found a staircase to the Shoals.
 15447 | Lair:6   | Found a hole to the Spider Nest.
 15519 | Lair:6   | Received a gift from Okawaru
 15919 | D:10     | Killed Snorg
 16009 | D:7      | Killed Gastronok
 16009 | D:7      | Reached skill level 13 in Axes
 17278 | Lair:7   | Received a gift from Okawaru
 17278 | Lair:7   | Gained mutation: Your large and strong wings let you fly indefinitely. [Gargoyle growth]
 17278 | Lair:7   | Reached XP level 14. HP: 91/91 MP: 18/18
 17708 | Lair:7   | Found a radiant altar of Vehumet.
 17721 | Lair:7   | Noticed Nessos
 17754 | Lair:7   | Killed Nessos
 17866 | Lair:8   | Entered Level 8 of the Lair of Beasts
 17996 | Lair:8   | Found a dark tunnel.
 18007 | Volcano  | Entered a volcano
 18158 | Volcano  | Reached skill level 1 in Dodging
 18322 | Lair:8   | Received a gift from Okawaru
 18825 | Lair:8   | Reached skill level 14 in Axes
 20047 | Orc:2    | Entered Level 2 of the Orcish Mines
 20314 | Orc:2    | Received a gift from Okawaru
 20315 | Orc:2    | Got a bloodstained war axe {god gift}
 20343 | Orc:2    | Identified the +11 war axe of Okawaru {venom, rF+ MR+ Str-5 Int+6} (Okawaru gifted it to you on level 2 of the Orcish Mines)
 20401 | Orc:2    | Found a staircase to the Elven Halls.
 20449 | Orc:2    | Found Nab Xura's Jewellery Emporium.
 20711 | Orc:2    | Noticed Saint Roka
 21145 | Orc:1    | Killed Saint Roka
 21145 | Orc:1    | Received a gift from Okawaru
 21145 | Orc:1    | Reached XP level 15. HP: 97/97 MP: 19/19
 21152 | Orc:1    | Got a silken robe {god gift}
 21165 | Orc:1    | Identified the +0 robe of Inviolability {Int+8} (Okawaru gifted it to you on level 1 of the Orcish Mines)
 21287 | Orc:2    | Noticed Donald
 21296 | Orc:2    | Killed Donald
 22695 | Orc:2    | Found Uxziat's Gadget Shoppe.
 22695 | Orc:2    | Found Weishro's Food Shoppe.
 22696 | Orc:2    | Found Gefawiem's General Store.
 22696 | Orc:2    | Found Xuizir's General Store.
 22714 | Orc:2    | Bought a scroll of enchant armour for 82 gold pieces
 22718 | Orc:2    | Bought a wand of teleportation (4) for 264 gold pieces
 22726 | Orc:2    | Bought a scroll of fear for 49 gold pieces
 22726 | Orc:2    | Bought a scroll of teleportation for 42 gold pieces
 23380 | D:12     | Killed 4thArraOfDagon's ghost
 23413 | D:12     | Reached skill level 15 in Axes
 23418 | D:12     | Received a gift from Okawaru
 23436 | D:12     | Got a polished animal skin {god gift}
 23464 | D:12     | Identified the +1 animal skin "Vosug" {rPois Str+2} (Okawaru gifted it to you on level 12 of the Dungeon)
 23669 | D:12     | Found Ruryuh's Magic Scroll Emporium.
 23692 | D:12     | Bought a scroll of holy word for 112 gold pieces
 23692 | D:12     | Bought a scroll of teleportation for 45 gold pieces
 23692 | D:12     | Bought a scroll of blinking for 112 gold pieces
 23775 | D:12     | Got an ancient scale mail
 23786 | D:12     | Identified the +6 scale mail of the Old World {+Inv Dex+3} (You found it on level 12 of the Dungeon)
 24158 | D:12     | Got a pitted cloak
 24169 | D:12     | Identified the +0 cloak of Weightlessness {Str+2 Dex+4} (You found it on level 12 of the Dungeon)
 24409 | D:13     | Found a gate to the Vaults.
 24795 | D:14     | Noticed Sonja
 24799 | D:14     | Killed Sonja
 24898 | D:15     | Entered Level 15 of the Dungeon
 24915 | D:14     | Reached skill level 5 in Dodging
 24976 | D:14     | Reached XP level 16. HP: 104/104 MP: 20/20
 25096 | D:13     | Found a roughly hewn altar of Beogh.
 25785 | Spider:1 | Entered Level 1 of the Spider Nest
 25848 | Spider:1 | Received a gift from Okawaru
 25851 | Spider:1 | Got a transparent chain mail {god gift}
 25872 | Lair:6   | Identified the +0 chain mail of the Suburbs {*Corrode rC+ MR+ Dex+4} (Okawaru gifted it to you on level 1 of the Spider Nest)
 26849 | Spider:2 | Reached skill level 16 in Axes
 26852 | Spider:2 | Received a gift from Okawaru
 27111 | Spider:3 | Noticed Arachne
 27161 | Spider:3 | Noticed Nikola
 27314 | Spider:3 | HP: 5/157 [Nikola/chain lightning (4)]
 27316 | Spider:3 | Killed from afar by Nikola

Vault maps used:
D:1:      lightli_arrival_boilingwater, evilmike_ruin_ashenzari
D:2:      hangedman_decor_peaks_small
D:3:      hex_medium
D:4:      first_bread, corexii_corridor_pit
D:5:      nicolae_ru_sacrificial_ziggurat
D:6:      nicolae_overflow_crystal_walls, marbit_many_paths
D:7:      temple_statues, serial_shops,
          nicolae_shop_competitors_out_of_business, grunt_livestock,
          minmay_misc_feat_cross, dk_noncrumbling_3, elyvilon_altar_1
D:8:      grunt_pakellas_basics, serial_shops,
          nicolae_shop_temple_entry_statues_fountains,
          hangedman_abyss_or_decor_slice, uniq_maurice, uniq_pikel,
          uniq_gastronok, uniq_psyche
D:9:      vehumet_crystals, uniq_joseph
D:10:     orc_0_dummy, serial_shops, shop, basic_altar, uniq_erolcha
D:11:     david_lair_shrubbed, portal_ice_cave_entry_ice_statue_01, uniq_snorg
D:12:     cheibrodos_breeding_chamber, serial_shops, shop_statue
D:13:     david_vaults_1, special_room
D:14:     serial_park_tiny_1, uniq_sonja
D:15:     hangedman_depths_entry_civil_slaughter, minivault_11,
          grunt_decor_mini_mirrors
Temple:   nicolae_temple_no_exploring_needed
Lair:1:   lemuel_fruit_fields, grunt_megastairs_3
Lair:3:   grunt_megastairs_5, serial_bayou_shore_b
Lair:4:   minmay_shoals_entry_beasts, grunt_megastairs_1
Lair:5:   patterned_corridor, lemuel_fruit_tree
Lair:6:   spider_nest_entry_rubble, minmay_slime_entry_oklob_open,
          cheibrodos_lair_caveside_slide, grunt_megastairs_2
Lair:7:   basic_altar, uniq_nessos
Lair:8:   due_jungle_book, lightli_volcano_entry_magma_tube,
          bobbens_ice_dragon_lair
Spider:1: zaba_antful_of_joy
Spider:2: spider_temple_joshua
Spider:3: uniq_agnes, uniq_kirke, uniq_nikola, uniq_arachne
Orc:2:    st_orc_pillars, serial_shops, nicolae_shop_stone, uniq_saint_roka,
          uniq_donald
Volcano:  volcano_pools

Action                   |  1- 3 |  4- 6 |  7- 9 | 10-12 | 13-15 | 16-18 || total
-------------------------+-------+-------+-------+-------+-------+-------++-------
Melee: War axe           |   163 |   184 |   304 |   550 |       |    35 ||  1236
       Broad axe         |       |       |       |   228 |  1088 |   370 ||  1686
       Demon whip        |       |       |       |       |    28 |   117 ||   145
  Use: Scroll            |     4 |     7 |     8 |    14 |    16 |     2 ||    51
       Potion            |       |       |       |     5 |     1 |     3 ||     9
  Eat: Chunk             |     2 |     7 |    12 |    14 |    37 |     6 ||    78
       Beef jerky        |       |       |     3 |     1 |       |       ||     4
       Fruit             |       |       |     1 |     2 |     4 |     2 ||     9
       Meat ration       |       |       |       |     1 |       |       ||     1
       Pizza             |       |       |       |       |     1 |       ||     1
